 Dungeon Crawl Stone Soup version 0.24.0-35-gdb84b6a5db (webtiles) character file.

Game seed: 6024813550963035477, levelgen mode: deterministic

70165 onDMT the Severer (level 14, -2/132 HPs)
             Began as a Minotaur Berserker on Nov 19, 2019.
             Was a High Priest of Trog.
             Slain by an ettin
             ... wielding a +2 dire flail of protection
              (14 damage)
             ... on level 1 of the Orcish Mines on Nov 20, 2019.
             The game lasted 02:58:10 (22260 turns).

onDMT the Severer (Minotaur Berserker)             Turns: 22260, Time: 02:58:11

Health: -2/132     AC: 24    Str: 24    XL:     14   Next: 93%
Magic:  13/13      EV: 13    Int:  4    God:    Trog [*****.]
Gold:   1165       SH:  0    Dex: 11    Spells: 13/13 levels left

rFire    + + .     SeeInvis .   b - +3 battleaxe (venom)
rCold    . . .     Gourm    .   (shield currently unavailable)
rNeg     + . .     Faith    .   i - +3 plate armour
rPois    +         Spirit   .   (helmet restricted)
rElec    .         Reflect  .   f - scarf {repulsion}
rCorr    .         Harm     .   (no gloves)
MR       +....                  H - +0 pair of boots
Stlth    ..........             D - amulet of regeneration
HPRegen  0.72/turn              q - ring of poison resistance
MPRegen  0.13/turn              J - ring of Xom's Entertainment {+Inv rF++ rN+ Dex-2 Slay+2}

@: repel missiles
A: retaliatory headbutt, horns 2, talons 1, iridescent scales 1, shaggy fur 1
a: Berserk, Trog's Hand, Brothers in Arms, Renounce Religion, Evoke Invisibility


You were on level 1 of the Orcish Mines.
You worshipped Trog.
Trog was extremely pleased with you.
You were not hungry.

You visited 4 branches of the dungeon, and saw 21 of its levels.
You also visited: Ice Cave.

You collected 1866 gold pieces.
You spent 701 gold pieces at shops.

Inventory:

Hand Weapons
 a - a +2 battleaxe of flaming
 b - a +3 battleaxe of venom (weapon)
Armour
 f - a scarf of repulsion (worn)
 i - a +3 plate armour (worn)
 H - a +0 pair of boots (worn)
Jewellery
 q - a ring of poison resistance (left hand)
 C - the ring of Luanempicil {*Contam rC+ rN+++ MR+ MP+9}
   (You found it on level 2 of the Lair of Beasts)

   [ring of protection from cold]

   It protects you from cold.
   It renders you almost immune to negative energy.
   It affects your resistance to hostile enchantments.
   It affects your magic capacity (+9).
   It causes magical contamination when unequipped.
 D - an amulet of regeneration (around neck)
 J - the ring of Xom's Entertainment (right hand) {+Inv rF++ rN+ Dex-2 Slay+2}
   (You acquired it on level 5 of the Lair of Beasts)

   [ring of slaying]

   It affects your dexterity (-2).
   It affects your accuracy and damage with ranged weapons and melee attacks
   (+2).
   It greatly protects you from fire.
   It protects you from negative energy.
   It lets you turn invisible.
 N - an uncursed ring of flight
Wands
 l - a wand of flame (10)
 p - a wand of iceblast (1)
 w - a wand of digging (4)
 L - a wand of random effects (20)
 Q - a wand of paralysis (11)
Scrolls
 d - 3 scrolls of fog
 h - 6 scrolls of amnesia
 j - 4 scrolls of noise
 k - 8 scrolls of remove curse
 s - 5 scrolls of teleportation
 t - a scroll of identify
 u - a scroll of immolation
 z - 2 scrolls of fear
 A - 2 scrolls of torment
 E - a scroll of enchant weapon
 F - 2 scrolls of random uselessness
 G - a scroll of vulnerability
Potions
 e - 8 potions of curing
 g - a potion of might
 n - 4 potions of brilliance
 o - 2 potions of agility
 r - 2 potions of berserk rage
 v - a potion of magic
 x - a potion of haste
 B - a potion of resistance
 K - 2 potions of ambrosia
 M - a potion of flight
 P - a potion of cancellation
Miscellaneous
 y - a phantom mirror
 I - a fan of gales
Comestibles
 c - 23 rations
 m - 8 chunks of flesh


   Skills:
 + Level 14.3 Fighting
 * Level 19.0 Axes
 + Level 14.1 Armour
 + Level 13.1 Dodging


You had 13 spell levels left.
You didn't know any spells.
Your spell library contained the following spells:

 Spells                   Type           Power        Failure   Level  Hunger
 Freeze                   Ice            #...         99%         1    ##.....
 Throw Frost              Conj/Ice       #.....       100%        2    ###....
 Gell's Gravitas          Tloc           #.........   100%        3    ####...
 Ozocubu's Armour         Chrm/Ice       #.......     100%        3    ####...
 Portal Projectile        Hex/Tloc       #.....       100%        3    ####...
 Force Lance              Conj/Tloc      #.......     100%        4    #####..
 Summon Ice Beast         Ice/Summ       #.......     100%        4    #####..
 Throw Icicle             Conj/Ice       #.......     100%        4    #####..
 Dispersal                Tloc           #.........   100%        6    #######
 Controlled Blink         Tloc           N/A          100%        8    #######
 Disjunction              Tloc           #.........   100%        8    #######


Dungeon Overview and Level Annotations

Branches:
Dungeon (12/15)            Temple (1/1) D:7            Lair (6/6) D:8
  Swamp (0/4) Lair:2       Spider (0/4) Lair:2        Slime (0/5) Lair:6
    Orc (2/2) D:10          IceCv (visited)
    Elf: Orc:2

Altars:
Ashenzari
Cheibriados
Dithmenos
Elyvilon
Fedhas
Gozag
Hepliaklqana
Kikubaaqudgha
Makhleb
Nemelex Xobeh
Okawaru
Qazlal
Ru
Sif Muna
Trog
Uskayaw
Vehumet
Wu Jian
Xom
Yredelemnul
Zin
The Shining One

Shops:
D:8 (   D:9 (   D:12 !   Orc:1 [


Innate Abilities, Weirdness & Mutations

You reflexively headbutt those who attack you in melee.
You have a pair of horns on your head.
You have sharp toenails.
You are partially covered in iridescent scales. (AC +2)
You are covered in fur. (AC +1)


Message History

You closely miss the troll.
The ettin hits you with a +2 dire flail of protection!!!
* * * LOW HITPOINT WARNING * * *
The ettin closely misses you. The troll barely misses you.
You furiously retaliate!
You headbutt the troll!
The troll claws you but does no damage. x2
You feel better.
The ettin hits you with a +2 dire flail of protection.
* * * LOW HITPOINT WARNING * * *
The ettin misses you. The troll bites you.
* * * LOW HITPOINT WARNING * * *
The troll misses you. The troll claws you.
* * * LOW HITPOINT WARNING * * *
You slash the ettin!
The ettin looks as sick as possible!
Your headbutt misses the ettin.
The ettin is heavily wounded.
You hit the troll.
The troll looks as sick as possible!
The ettin hits you but does no damage.
The ettin hits you with a +0 dire flail!
You die...

## ###....#.####.#.#.## .##
##^#.......###......# ..#
#.........###.......## .##
#........#.##...#..#.##
#.####.#.....≈≈≈.#........##
...# ####.#.≈≈≈≈≈..........#
#..## ##...≈≈∩............###
....####....≈≈≈)))........##.##
.....#.##....≈≈≈@T............#
.#......##.....C.[........##.##
.......#.................#####
......................[)##
....)[.....#...#######)[##
....##.#......###≈#####..##
.....##......##≈≈≈§≈≈§##..##
.#...........##§≈≈§§.≈##...#
..##.........##§§.....≈#...#


You could see an ettin and a troll.

Vanquished Creatures
  Gastronok (D:12)
  2 orc warlords (Orc:1)
  Snorg (Lair:4)
  6 hydras
  5 death yaks
  3 two-headed ogres
  An ogre mage (Orc:1)
  Sonja (D:11)
  3 skeletal warriors (D:12)
  2 unseen horrors
  2 deep trolls (Orc:1)
  4 lindwurms (Lair:2)
  A deep elf mage (D:12)
  3 orc sorcerers (Orc:1)
  A slime creature (Lair:6)
  5 black mambas
  11 elephants
  Psyche (D:12)
  19 spiny frogs
  2 torpor snails (Lair:5)
  3 rime drakes
  7 komodo dragons
  4 trolls
  A merfolk (D:10)
  3 polar bears (Lair:1)
  4 tyrant leeches (Lair:6)
  A hornet (D:10)
  22 blink frogs
  A meliai zombie (D:11)
  Prince Ribbit (Lair:2)
  A bog body (Lair:2)
  10 dream sheep
  9 hippogriffs
  A redback (Lair:2)
  4 wyverns
  2 basilisks
  27 yaks
  A steam dragon (D:11)
  8 vampire mosquitoes
  2 hungry ghosts
  4 swamp worms (Lair:2)
  2 wargs (Orc:1)
  An acid dragon (D:7)
  15 water moccasins
  3 porcupines
  12 orc warriors
  12 ice beasts
  2 sky beasts
  A necrophage (D:8)
  16 ogres
  9 black bears
  13 centaurs
  18 wolves
  3 phantoms
  13 crocodiles
  2 big kobolds
  29 bullfrogs
  A wyvern zombie (D:12)
  5 scorpions
  4 killer bees (D:11)
  5 wights (D:10)
  4 electric eels
  6 howler monkeys
  4 crimson imps
  4 centaur zombies
  4 quasits
  7 jellies
  2 bullfrog zombies (D:6)
  2 hounds
  5 orc priests
  A centaur skeleton (D:4)
  22 orc wizards
  4 bullfrog skeletons (D:6)
  3 worker ants
  2 iguanas
  A killer bee zombie (D:6)
  3 hound zombies
  2 hound skeletons
  A howler monkey skeleton (D:6)
  7 worker ant zombies
  14 gnolls
  14 adders
  5 shadow imps
  12 white imps (Lair:5)
  An ooze (D:1)
  3 adder zombies (D:6)
  An adder skeleton (D:6)
  7 leopard geckos
  67 orcs
  8 giant cockroaches
  5 goblins
  8 hobgoblins
  12 jackals
  14 kobolds
  3 quokkas
  5 ball pythons
  7 bats
  7 frilled lizards
  A leopard gecko skeleton (D:6)
  2 quokka skeletons
  3 quokka zombies
  7 rats
  9 fungi
  9 plants
664 creatures vanquished.

Vanquished Creatures (collateral kills)
  A porcupine (Lair:4)
  2 orc warriors (Orc:1)
  An orc (Orc:1)
4 creatures vanquished.

Vanquished Creatures (others)
  8 fungi
  34 plants (Lair:6)
42 creatures vanquished.

Grand Total: 710 creatures vanquished

Notes
Turn   | Place    | Note
-------+----------+-------------------------------------------
     0 | D:1      | onDMT the Minotaur Berserker began the quest for the Orb.
     0 | D:1      | Reached XP level 1. HP: 19/19 MP: 0/0
   466 | D:1      | Reached XP level 2. HP: 19/27 MP: 1/1
   497 | D:1      | Reached skill level 4 in Axes
  1164 | D:2      | Reached XP level 3. HP: 33/33 MP: 2/2
  1251 | D:2      | Reached ** piety under Trog
  1344 | D:2      | Reached XP level 4. HP: 40/40 MP: 3/3
  1840 | D:3      | Found a faded altar of an unknown god.
  1860 | D:3      | Reached skill level 5 in Axes
  1904 | D:3      | Reached XP level 5. HP: 27/47 MP: 4/4
  2466 | D:3      | Noticed a black bear
  2468 | D:3      | Killed a black bear
  2468 | D:3      | Reached *** piety under Trog
  2653 | D:3      | Reached XP level 6. HP: 51/55 MP: 5/5
  2841 | D:4      | Reached skill level 5 in Fighting
  2841 | D:4      | Reached skill level 6 in Axes
  3292 | D:4      | Reached XP level 7. HP: 61/61 MP: 6/6
  3324 | D:4      | Found a radiant altar of Vehumet.
  3552 | D:4      | Reached skill level 7 in Axes
  3552 | D:4      | Reached skill level 5 in Armour
  3757 | D:5      | Entered Level 5 of the Dungeon
  4016 | D:5      | Reached skill level 5 in Dodging
  4222 | D:6      | Found an iron altar of Okawaru.
  4237 | D:6      | Reached skill level 8 in Axes
  4237 | D:6      | Reached XP level 8. HP: 60/70 MP: 7/7
  4331 | D:5      | Reached **** piety under Trog
  4844 | D:6      | Reached skill level 9 in Axes
  5645 | D:7      | Reached XP level 9. HP: 43/79 MP: 8/8
  6227 | D:7      | Found a staircase to the Ecumenical Temple.
  6311 | Temple   | Entered the Ecumenical Temple
  7490 | D:8      | Reached skill level 10 in Axes
  7849 | D:9      | Reached ***** piety under Trog
  7897 | D:8      | Found Talejibeuf's Weapon Shop.
  7931 | D:8      | Bought a +1 battleaxe of chopping for 233 gold pieces
  8087 | D:8      | Reached skill level 11 in Axes
  8144 | D:8      | Found a staircase to the Lair.
  8636 | D:9      | You fall into a shaft and drop 2 floors!
  8657 | D:11     | Reached XP level 10. HP: 90/90 MP: 9/9
  8665 | D:11     | Received a gift from Trog
  8742 | D:10     | Entered Level 10 of the Dungeon
  9045 | D:9      | Found Ruimn's Antique Weapon Boutique.
  9273 | D:10     | Reached skill level 12 in Axes
  9495 | D:10     | Found a sparkling altar of Nemelex Xobeh.
  9532 | D:10     | Found a staircase to the Orcish Mines.
  9638 | D:10     | Found a shimmering blue altar of Sif Muna.
 10374 | D:11     | Killed an unseen horror
 10648 | D:11     | Noticed a five-headed hydra
 10663 | D:11     | Killed an eight-headed hydra
 10663 | D:11     | Reached skill level 13 in Axes
 10663 | D:11     | Reached XP level 11. HP: 71/99 MP: 10/10
 10994 | D:11     | Noticed Sonja
 11050 | D:11     | Killed Sonja
 11050 | D:11     | Reached skill level 10 in Fighting
 11061 | D:11     | Found a hazy altar of Hepliaklqana.
 11062 | D:11     | Identified Sif Muna's Catalogue of Congealing Beguiling
 11554 | D:11     | Identified a scroll of acquirement
 11633 | Lair:1   | Entered Level 1 of the Lair of Beasts
 11833 | Lair:1   | Reached skill level 10 in Armour
 12348 | Lair:1   | Reached skill level 14 in Axes
 12628 | Lair:1   | Reached ****** piety under Trog
 12706 | Lair:1   | Received a gift from Trog
 13453 | Lair:2   | Reached skill level 10 in Dodging
 13453 | Lair:2   | Reached XP level 12. HP: 79/110 MP: 11/11
 13588 | Lair:2   | Noticed Prince Ribbit
 13773 | Lair:2   | Killed Prince Ribbit
 14323 | Lair:2   | Found a hole to the Spider Nest.
 14566 | Lair:2   | Reached skill level 15 in Axes
 14718 | Lair:2   | Found a staircase to the Swamp.
 15224 | Lair:2   | Got a crude marble ring
 15281 | Lair:2   | Identified the ring of Luanempicil {*Contam rC+ rN+++ MR+
                  | MP+9} (You found it on level 2 of the Lair of Beasts)
 15326 | Lair:2   | Gained mutation: You have a pair of large horns on your
                  | head. [mutagenic glow]
 16159 | Lair:4   | Noticed a five-headed hydra
 16172 | Lair:4   | Killed a two-headed hydra
 16174 | Lair:4   | Received a gift from Trog
 16269 | Lair:4   | Noticed a four-headed hydra
 16278 | Lair:4   | Killed a one-headed hydra
 16311 | Lair:4   | Reached skill level 16 in Axes
 16338 | Lair:4   | Noticed Snorg
 16347 | Lair:4   | Killed Snorg
 16416 | Lair:4   | Reached XP level 13. HP: 113/118 MP: 12/12
 17154 | Lair:5   | Found a frozen archway.
 17177 | IceCv    | Entered an ice cave
 17444 | Lair:5   | Got a scintillating ivory ring
 17445 | Lair:5   | Identified the ring of Xom's Entertainment {+Inv rF++ rN+
                  | Dex-2 Slay+2} (You acquired it on level 5 of the Lair of
                  | Beasts)
 17463 | Lair:5   | Gained mutation: You are dopey. (Int -2) [mutagenic glow]
 17553 | Lair:5   | Received a gift from Trog
 18025 | Lair:5   | Reached skill level 17 in Axes
 18231 | Lair:6   | Entered Level 6 of the Lair of Beasts
 18777 | Lair:6   | Reached XP level 14. HP: 129/129 MP: 13/13
 18844 | Lair:6   | Found a staircase to the Slime Pits.
 18928 | Lair:6   | Received a gift from Trog
 19013 | Lair:6   | Reached skill level 18 in Axes
 19566 | Lair:6   | Got a heavily runed buckler
 20007 | D:12     | Noticed Gastronok
 20020 | D:12     | Killed Gastronok
 20486 | D:12     | Noticed Psyche
 20488 | D:12     | Killed Psyche
 20873 | D:12     | Found Niuttaam's Distillery.
 20879 | D:12     | Bought a potion of might for 72 gold pieces
 20879 | D:12     | Bought a potion of mutation for 144 gold pieces
 20879 | D:12     | Bought 2 potions of curing for 108 gold pieces
 20879 | D:12     | Bought a potion of cancellation for 144 gold pieces
 20880 | D:12     | Lost mutation: You have a pair of large horns on your head.
                  | [potion of mutation]
 20880 | D:12     | Lost mutation: You are dopey. (Int -2) [potion of mutation]
 20880 | D:12     | Gained mutation: You are partially covered in slimy green
                  | scales. (AC +2) [potion of mutation]
 20880 | D:12     | Gained mutation: You are occasionally teleported next to
                  | monsters. [potion of mutation]
 20880 | D:12     | Gained mutation: You evolve. [potion of mutation]
 20881 | D:12     | Lost mutation: You evolve. [potion of mutation]
 20881 | D:12     | Lost mutation: You are occasionally teleported next to
                  | monsters. [potion of mutation]
 20881 | D:12     | Lost mutation: You are partially covered in slimy green
                  | scales. (AC +2) [potion of mutation]
 20881 | D:12     | Gained mutation: You are partially covered in iridescent
                  | scales. (AC +2) [potion of mutation]
 20881 | D:12     | Gained mutation: You are covered in fur. (AC +1) [potion of
                  | mutation]
 20881 | D:12     | Gained mutation: You have sharp toenails. [potion of
                  | mutation]
 21374 | Orc:1    | Entered Level 1 of the Orcish Mines
 21577 | Orc:1    | Received a gift from Trog
 21581 | Orc:1    | Noticed an orc warlord
 21623 | Orc:1    | Killed an orc warlord
 21755 | Orc:1    | Found Hepeipa's Armour Shoppe.
 21809 | Orc:1    | Noticed an orc warlord
 21825 | Orc:1    | Killed an orc warlord
 22072 | Orc:2    | Entered Level 2 of the Orcish Mines
 22255 | Orc:1    | Reached skill level 19 in Axes
 22260 | Orc:1    | Slain by an ettin

Levels and vault maps discovered:
D:1:      dpeg_arrival_snail, layout_basic
D:2:      layout_basic
D:3:      layout_rooms, chequers_ecumenical_altar_simple_redux
D:4:      layout_loops_ring, lemuel_round_altar, first_ration,
          kennysheep_doodads
D:5:      layout_rooms
D:6:      layout_basic, serial_undead, serial_undead_a, serial_undead_f,
          serial_undead_e, serial_undead_a, serial_undead_c, serial_undead_a,
          basic_altar
D:7:      layout_basic, minmay_temple_entry_ruins
D:8:      layout_basic, dpeg_oklobed_lair, serial_shops, shop_fountains
D:9:      layout_rooms, serial_shops, shop
D:10:     layout_small_grid, hiddenorc2_lemuel, basic_altar,
          hangedman_fish_farm, serial_park_tiny_1, lemuel_blue_sif_altar
D:11:     layout_basic, basic_altar, gauntlet_entry_generic, minivault_26,
          uniq_sonja
D:12:     lemuel_upstairs_altar, layout_basic, serial_shops, shop,
          grunt_decor_arrowhead, uniq_psyche, uniq_gastronok
Temple:   kilobyte_greek_temple
Lair:1:   beast_lair_carwin_large_1, layout_small_grid, serial_bayou_shore_a
Lair:2:   layout_regular_city, nicolae_swamp_entry_splash_gauntlet,
          spider_nest_entry_rubble, chequers_serial_rivers_large_b,
          minmay_lindwurm_lava, uniq_prince_ribbit2
Lair:3:   layout_chaotic_city
Lair:4:   layout_loops_ring, enter_volcano_4, uniq_snorg
Lair:5:   layout_regular_city, portal_ice_cave_entry_imps
Lair:6:   minmay_lair_end_frog_pond, layout_loops_ring,
          minmay_slime_entry_pillars
Orc:1:    layout_caves, serial_shops, nicolae_shop_waterfront,
          nicolae_orc_lava_room
Orc:2:    st_orc_open, layout_caves, gammafunk_ghost_cemetery, uniq_josephine,
          uniq_maurice

Skill      XL: |  1  2  3  4  5  6  7  8  9 10 11 12 13 14 |
---------------+-------------------------------------------+-----
Axes           | 4 5 6 8 9 11 13 14 16 17 19 | 19.0
Fighting       | 4 5 6 7 8 9 11 12 13 14 | 14.3
Armour         | 3 4 5 6 8 9 10 12 13 14 | 14.1
Dodging        | 3 4 5 6 7 8 10 11 12 13 | 13.1

Action                   |  1- 3 |  4- 6 |  7- 9 | 10-12 | 13-15 || total
-------------------------+-------+-------+-------+-------+-------++-------
Melee: Hand axe          |    67 |   146 |   372 |       |       ||   585
       Headbutt          |     9 |    20 |    86 |   104 |   115 ||   334
       Battleaxe         |       |       |    53 |   547 |   524 ||  1124
Invok: Berserk           |     2 |     4 |     7 |     7 |     7 ||    27
       Trog's Hand       |       |       |     1 |       |     2 ||     3
       Brothers in Arms  |       |       |       |     1 |     1 ||     2
Evoke: Wand              |       |       |       |     5 |       ||     5
  Use: Scroll            |       |       |    15 |    11 |     9 ||    35
       Potion            |       |       |     5 |    11 |     5 ||    21
 Stab: Sleeping          |     1 |       |       |       |       ||     1
  Eat: Chunk             |     3 |     8 |     9 |    22 |    16 ||    58
       Ration            |       |     1 |     5 |     3 |     4 ||    13
Armor: Animal skin       |     9 |       |       |       |       ||     9
       Plate armour      |    10 |    70 |   266 |   361 |   255 ||   962
Dodge: Dodged            |    36 |    40 |   184 |   336 |   261 ||   857
       Deflected         |       |       |       |       |     4 ||     4
